PAA
LANNISTER UNITED LIONHEARTS @ MINNESOTA LOONS
09/03/2025
 
TOP OF THE 1ST
Lannister United Lionhearts batting - Pitching for Minnesota Loons : RHP Doruk Oyan
Pitching: RHP Doruk Oyan
Batting: LHB Evan Nelson 0-0: Ground out 4-3 (Groundball, 4)
Batting: RHB Louis Gibbons 0-0: Foul Ball, location: 2F
0-1: Ball
1-1: Foul Ball, location: 2F
1-2: Ball
2-2: Foul Ball, location: 2F
2-2: SINGLE (Line Drive, 4D)
Batting: SHB Corey Neace 0-0: Called Strike
Louis Gibbons steals 2nd base
0-1: Fly out, F8 (Flyball, 8RS)
Batting: LHB Gonzalo Álvarez 0-0: Foul Ball, location: 2F
0-1: Foul Ball, location: 2F
0-2: Strikes out looking
Top of the 1st over - 0 run(s), 1 hit(s), 0 error(s), 1 left on base; Lannister United 0 - Minnesota 0
BOTTOM OF THE 1ST
Minnesota Loons batting - Pitching for Lannister United Lionhearts : RHP Enea Dini
Pitching: RHP Enea Dini
Batting: RHB Salvador Esparza 0-0: TRIPLE (Line Drive, 8LM)
Batting: RHB Lytle Creek 0-0: Ball
1-0: Ball
2-0: Ball
3-0: Base on Balls
Batting: RHB Gonzalo Sánchez 0-0: Ball
1-0: Called Strike
1-1: Foul Ball, location: 2F
1-2: Foul Ball, location: 2F
1-2: Ball
2-2: Grounds into double play, 5-4-3 (Groundball, 56)
Salvador Esparza scores
Batting: LHB José León 0-0: Foul Ball, location: 2F
0-1: Ball
1-1: Ball
2-1: Ground out 4-3 (Groundball, 4D)
Bottom of the 1st over - 1 run(s), 1 hit(s), 0 error(s), 0 left on base; Lannister United 0 - Minnesota 1
TOP OF THE 2ND
Lannister United Lionhearts batting - Pitching for Minnesota Loons : RHP Doruk Oyan
Batting: LHB Walter Frampton 0-0: Ground out 4-3 (Groundball, 4S)
Batting: RHB IV Seacat 0-0: Ball
1-0: Ball
2-0: Ball
3-0: Called Strike
3-1: Base on Balls
Batting: RHB Anselmo Berneu 0-0: SINGLE (Line Drive, 4M)
IV Seacat to second
Batting: RHB Jason Compton 0-0: Ball
1-0: Foul Ball, location: 2F
1-1: 3-RUN HOME RUN (Flyball, 8LXD), Distance : 434 ft
Batting: RHB Martín Alejadre 0-0: Foul Ball, location: 2F
0-1: SINGLE (Groundball, 15) (infield hit)
Batting: LHB Evan Nelson 0-0: SINGLE (Groundball, 34D)
Martín Alejadre to second
Runner from 2nd tries for 3rd, SAFE, throw made to third
Batting: RHB Louis Gibbons 0-0: Foul Ball, location: 2F
0-1: Foul Ball, location: 2F
0-2: Foul Ball, location: 2F
0-2: Foul Ball, location: 2F
0-2: Ball
1-2: Ball
2-2: Ground out 5-3 (Groundball, 56S)
Martín Alejadre scores
Evan Nelson to second
Batting: SHB Corey Neace 0-0: SINGLE (Groundball, 6S) (infield hit)
Evan Nelson to third
Batting: LHB Gonzalo Álvarez 0-0: Ball
1-0: Called Strike
1-1: Ground out 4-3 (Groundball, 4S)
Top of the 2nd over - 4 run(s), 5 hit(s), 0 error(s), 2 left on base; Lannister United 4 - Minnesota 1
BOTTOM OF THE 2ND
Minnesota Loons batting - Pitching for Lannister United Lionhearts : RHP Enea Dini
Batting: RHB D.C. Aiken 0-0: Called Strike
0-1: Foul Ball, location: 2F
0-2: Ball
1-2: Foul Ball, location: 2F
1-2: Strikes out swinging
Batting: RHB Dave Stockman 0-0: Called Strike
0-1: Called Strike
0-2: Foul Ball, location: 2F
0-2: Strikes out looking
Batting: RHB Júlio Soto 0-0: Called Strike
0-1: Ground out 4-3 (Groundball, 4)
Bottom of the 2nd over - 0 run(s), 0 hit(s), 0 error(s), 0 left on base; Lannister United 4 - Minnesota 1
TOP OF THE 3RD
Lannister United Lionhearts batting - Pitching for Minnesota Loons : RHP Doruk Oyan
Batting: LHB Walter Frampton 0-0: Swinging Strike
0-1: Swinging Strike
0-2: Foul Ball, location: 2F
0-2: Strikes out swinging
Batting: RHB IV Seacat 0-0: Ball
1-0: Ball
2-0: Called Strike
2-1: Ground out 6-3 (Groundball, 6)
Batting: RHB Anselmo Berneu 0-0: Ball
1-0: Foul Ball, location: 2F
1-1: Ball
2-1: Foul Ball, location: 2F
2-2: Foul Ball, location: 2F
2-2: Foul Ball, location: 2F
2-2: Foul Ball, location: 2F
2-2: Strikes out swinging
Top of the 3rd over - 0 run(s), 0 hit(s), 0 error(s), 0 left on base; Lannister United 4 - Minnesota 1
BOTTOM OF THE 3RD
Minnesota Loons batting - Pitching for Lannister United Lionhearts : RHP Enea Dini
Batting: RHB Ieyoshi Yamamoto 0-0: Called Strike
0-1: Swinging Strike
0-2: Ball
1-2: SINGLE (Groundball, 4MD)
Batting: LHB Francisco Santos 0-0: Ball
1-0: Ball
2-0: Called Strike
2-1: SINGLE (Groundball, 34D)
Ieyoshi Yamamoto to second
Runner from 2nd tries for 3rd, SAFE, throw made to third
Pinch Runner at 3rd Wilson Horton:
Batting: RHB Salvador Esparza 0-0: Ball
1-0: Grounds into double play, 5-4-3 (Groundball, 5L)
Wilson Horton scores
Batting: RHB Lytle Creek 0-0: Called Strike
0-1: Foul Ball, location: 2F
0-2: Strikes out swinging
Bottom of the 3rd over - 1 run(s), 2 hit(s), 0 error(s), 0 left on base; Lannister United 4 - Minnesota 2
TOP OF THE 4TH
Lannister United Lionhearts batting - Pitching for Minnesota Loons : RHP Doruk Oyan
Now at C: Wilson Horton
Batting: RHB Jason Compton 0-0: Ball
1-0: Ball
2-0: Ground out 4-3 (Groundball, 4)
Batting: RHB Martín Alejadre 0-0: Called Strike
0-1: Fly out, F5 (Popup, 5L)
Batting: LHB Evan Nelson 0-0: Ball
1-0: Foul Ball, location: 2F
1-1: Swinging Strike
1-2: Ball
2-2: Ball
3-2: Base on Balls
Batting: RHB Louis Gibbons 0-0: Ball
1-0: Swinging Strike
1-1: Foul Ball, location: 2F
1-2: Strikes out swinging
Top of the 4th over - 0 run(s), 0 hit(s), 0 error(s), 1 left on base; Lannister United 4 - Minnesota 2
BOTTOM OF THE 4TH
Minnesota Loons batting - Pitching for Lannister United Lionhearts : RHP Enea Dini
Batting: RHB Gonzalo Sánchez 0-0: Called Strike
0-1: Foul Ball, location: 2F
0-2: Ball
1-2: Ground out 5-3 (Groundball, 56S)
Batting: LHB José León 0-0: Ball
1-0: Fly out, F7 (Flyball, 7)
Batting: RHB D.C. Aiken 0-0: Ball
1-0: Ground out 5-3 (Groundball, 56)
Bottom of the 4th over - 0 run(s), 0 hit(s), 0 error(s), 0 left on base; Lannister United 4 - Minnesota 2
TOP OF THE 5TH
Lannister United Lionhearts batting - Pitching for Minnesota Loons : RHP Doruk Oyan
Batting: SHB Corey Neace 0-0: Swinging Strike
0-1: Ball
1-1: Foul Ball, location: 2F
1-2: Strikes out looking
Batting: LHB Gonzalo Álvarez 0-0: Ball
1-0: Foul Ball, location: 2F
1-1: Foul Ball, location: 2F
1-2: Ball
2-2: Foul Ball, location: 2F
2-2: Ground out 6-3 (Groundball, 6)
Batting: LHB Walter Frampton 0-0: Ball
1-0: Ball
2-0: Called Strike
2-1: SINGLE (Line Drive, 9S)
Batting: RHB IV Seacat 0-0: Ball
1-0: Called Strike
Walter Frampton steals 2nd base
1-1: DOUBLE (Line Drive, 89D)
Walter Frampton scores
Batting: RHB Anselmo Berneu 0-0: Foul Ball, location: 2F
0-1: Ball
1-1: Fly out, F8 (Flyball, 8LXD)
Top of the 5th over - 1 run(s), 2 hit(s), 0 error(s), 1 left on base; Lannister United 5 - Minnesota 2
BOTTOM OF THE 5TH
Minnesota Loons batting - Pitching for Lannister United Lionhearts : RHP Enea Dini
Batting: RHB Dave Stockman 0-0: Ball
1-0: Ball
2-0: Ball
3-0: Called Strike
3-1: Called Strike
3-2: Base on Balls
Batting: RHB Júlio Soto 0-0: Ball
1-0: Bunt missed!
1-1: Called Strike
Dave Stockman steals 2nd base
1-2: Fly out, F8 (Flyball, 78M)
Batting: LHB Wilson Horton 0-0: Called Strike
0-1: Fly out, F8 (Flyball, 89M)
Runner from 2nd tags up, SAFE at 3rd with throw
Batting: LHB Francisco Santos 0-0: Ball
1-0: Reached on error, E5 (Groundball, 56S)
Dave Stockman scores
Batting: RHB Salvador Esparza 0-0: Ball
1-0: Foul Ball, location: 2F
1-1: Foul Ball, location: 2F
1-2: Foul Ball, location: 2F
1-2: Ball
2-2: SINGLE (Line Drive, 6)
Francisco Santos to second
Batting: RHB Lytle Creek 0-0: Called Strike
0-1: Ball
1-1: Ball
2-1: Ball
3-1: Foul Ball, location: 2F
3-2: Strikes out swinging
Bottom of the 5th over - 1 run(s), 1 hit(s), 1 error(s), 2 left on base; Lannister United 5 - Minnesota 3
TOP OF THE 6TH
Lannister United Lionhearts batting - Pitching for Minnesota Loons : RHP Doruk Oyan
Batting: RHB Jason Compton 0-0: Ground out 5-3 (Groundball, 56)
Batting: RHB Martín Alejadre 0-0: Ball
1-0: Ball
2-0: Called Strike
2-1: Foul Ball, location: 2F
2-2: Fly out, F9 (Flyball, 9LSF)
Batting: LHB Evan Nelson 0-0: Ball
1-0: SINGLE (Groundball, 34D)
Batting: RHB Louis Gibbons 0-0: Ball
1-0: Ball
2-0: Ball
3-0: Base on Balls
Evan Nelson to second
Batting: SHB Corey Neace 0-0: Fly out, F8 (Flyball, 8LD)
Top of the 6th over - 0 run(s), 1 hit(s), 0 error(s), 2 left on base; Lannister United 5 - Minnesota 3
BOTTOM OF THE 6TH
Minnesota Loons batting - Pitching for Lannister United Lionhearts : RHP Enea Dini
Batting: RHB Gonzalo Sánchez 0-0: Swinging Strike
0-1: Foul Ball, location: 2F
0-2: Foul Ball, location: 2F
0-2: Ball
1-2: Ground out 4-3 (Groundball, 34)
Batting: LHB José León 0-0: Ball
1-0: Ball
2-0: Fly out, F7 (Flyball, 7S)
Batting: RHB D.C. Aiken 0-0: Called Strike
0-1: SINGLE (Groundball, 34D)
Batting: RHB Dave Stockman 0-0: Ball
1-0: Fielders Choice at 2nd, 4-6 (Groundball, 4)
Bottom of the 6th over - 0 run(s), 1 hit(s), 0 error(s), 0 left on base; Lannister United 5 - Minnesota 3
TOP OF THE 7TH
Lannister United Lionhearts batting - Pitching for Minnesota Loons : RHP Doruk Oyan
Pitching: LHP Jeff Thames
Batting: LHB Gonzalo Álvarez 0-0: Called Strike
0-1: Ball
1-1: SINGLE (Groundball, 34S) (infield hit)
Batting: LHB Walter Frampton 0-0: Ball
1-0: Ball
2-0: Ground out 4-3 (Groundball, 34)
Gonzalo Álvarez to second
Batting: RHB IV Seacat 0-0: Fly out, F9 (Flyball, 9S)
Batting: RHB Anselmo Berneu 0-0: Ball
Passed Ball!
Gonzalo Álvarez to third
1-0: Ball
2-0: Called Strike
2-1: Swinging Strike
2-2: Ball
3-2: Ground out 5-3 (Groundball, 56S)
Top of the 7th over - 0 run(s), 1 hit(s), 0 error(s), 1 left on base; Lannister United 5 - Minnesota 3
BOTTOM OF THE 7TH
Minnesota Loons batting - Pitching for Lannister United Lionhearts : RHP Enea Dini
Batting: RHB Júlio Soto 0-0: Called Strike
0-1: SINGLE (Groundball, 4MD)
Batting: LHB Wilson Horton 0-0: Ball
1-0: Ball
2-0: Called Strike
2-1: Swinging Strike
2-2: Ball
3-2: Strikes out swinging
Batting: LHB Francisco Santos 0-0: Called Strike
0-1: Foul Ball, location: 2F
0-2: Ball
1-2: Ball
2-2: Ball
3-2: Fly out, F7 (Flyball, 78S)
Batting: RHB Salvador Esparza 0-0: Ball
1-0: Called Strike
1-1: Called Strike
1-2: Ball
2-2: Strikes out swinging
Bottom of the 7th over - 0 run(s), 1 hit(s), 0 error(s), 1 left on base; Lannister United 5 - Minnesota 3
TOP OF THE 8TH
Lannister United Lionhearts batting - Pitching for Minnesota Loons : LHP Jeff Thames
Batting: RHB Jason Compton 0-0: Ball
1-0: SINGLE (Line Drive, 89S)
Batting: RHB Martín Alejadre 0-0: Called Strike
0-1: Ball
1-1: Ball
2-1: Called Strike
2-2: Ball
3-2: Base on Balls
Jason Compton to second
Pinch Hitting: RHB Steve Hinkle 0-0: Fielders Choice at 3rd, U5 (Groundball, 5L)
Martín Alejadre to second
Batting: RHB Louis Gibbons 0-0: Ball
1-0: Foul Ball, location: 2F
1-1: Ball
2-1: Ball
3-1: Foul Ball, location: 2F
3-2: Fly out, F9 (Flyball, 9S)
Pinch Hitting: RHB Bartolo Martínez 0-0: Swinging Strike
0-1: Ball
1-1: Called Strike
1-2: Strikes out swinging
Top of the 8th over - 0 run(s), 1 hit(s), 0 error(s), 2 left on base; Lannister United 5 - Minnesota 3
BOTTOM OF THE 8TH
Minnesota Loons batting - Pitching for Lannister United Lionhearts : RHP Enea Dini
Pitching: LHP Domingo González
Now in LF: Lloyd Walsh
Now in RF: Steve Hinkle
Batting: RHB Lytle Creek 0-0: Ball
1-0: Swinging Strike
1-1: Called Strike
1-2: Ball
2-2: Strikes out swinging
Batting: RHB Gonzalo Sánchez 0-0: Ball
1-0: Ball
2-0: Foul Ball, location: 2F
2-1: Foul Ball, location: 2F
2-2: Ground out 3-1 (Groundball, 34S)
Batting: LHB José León 0-0: Called Strike
0-1: Called Strike
0-2: Ball
1-2: Ball
2-2: Ball
3-2: Base on Balls
Pitching: RHP Paco Vélez
Batting: RHB D.C. Aiken 0-0: Ball
1-0: Called Strike
1-1: SINGLE (Groundball, 56D)
José León to second
Pinch Hitting: LHB Aloísio Marreiros 0-0: SINGLE (Flyball, 89S)
José León to third
D.C. Aiken to second
Pinch Hitting: RHB Miguel Rosales 0-0: Ball
1-0: Ball
2-0: Ball
3-0: Called Strike
3-1: Reached on error, E4 (Line Drive, 4M)
José León scores
D.C. Aiken to third
Aloísio Marreiros to second
Pitching: LHP Fernando Castro
Batting: LHB Wilson Horton 0-0: Ball
1-0: Foul Ball, location: 2F
1-1: Called Strike
1-2: Ball
2-2: Strikes out swinging
Bottom of the 8th over - 1 run(s), 2 hit(s), 1 error(s), 3 left on base; Lannister United 5 - Minnesota 4
TOP OF THE 9TH
Lannister United Lionhearts batting - Pitching for Minnesota Loons : LHP Jeff Thames
Pitching: RHP Jim Unknown
Now at 1B: Aloísio Marreiros
Now at SS: Miguel Rosales
Batting: LHB Gonzalo Álvarez 0-0: Ball
1-0: Foul Ball, location: 2F
1-1: Ball
2-1: Foul Ball, location: 2F
2-2: Fly out, F8 (Flyball, 78M)
Batting: LHB Walter Frampton 0-0: Ground out U3 (Groundball, 3)
Batting: RHB IV Seacat 0-0: Called Strike
0-1: Ball
1-1: Fly out, F4 (Popup, 34D)
Top of the 9th over - 0 run(s), 0 hit(s), 0 error(s), 0 left on base; Lannister United 5 - Minnesota 4
BOTTOM OF THE 9TH
Minnesota Loons batting - Pitching for Lannister United Lionhearts : LHP Fernando Castro
Pitching: RHP José Montalópez
Now at 1B: Chad Graves
Now in CF: Andrés Escobar
Batting: LHB Francisco Santos 0-0: Foul Ball, location: 2F
0-1: Ground out 6-3 (Groundball, 6)
Pinch Hitting: LHB Jim Unknown 0-0: Called Strike
0-1: Foul Ball, location: 2F
0-2: SINGLE (Groundball, 6MD)
Pinch Runner at 1st Alfredo Arévalo:
Batting: RHB Lytle Creek 0-0: Ball
1-0: Reached on error, E5 (Groundball, 5L)
Alfredo Arévalo to second
Batting: RHB Gonzalo Sánchez 0-0: Grounds into double play, 4-6-3 (Groundball, 4)
Bottom of the 9th over - 0 run(s), 1 hit(s), 1 error(s), 1 left on base; Lannister United 5 - Minnesota 4
Friday, December 30th, 2016 - OOTP Baseball 17.12 Build 75